 Dungeon Crawl Stone Soup version 0.31-a0-986-g5e6e4ef867 (webtiles) character file.

Game seed: 5048343040835342393

91 LeprechaunX the Changeling (level 4, -10/29 HPs)
             Began as an Octopode Shapeshifter on Nov 23, 2023.
             Was a Believer of Makhleb.
             Mangled by a gnoll
             ... wielding a +0 spear
              (11 damage)
             ... on level 3 of the Dungeon.
             The game lasted 00:01:28 (1580 turns).

LeprechaunX the Changeling (Octopode Shapeshifter)  Turns: 1580, Time: 00:01:29

Health: -10/29     AC:  1    Str: 13    XL:     4   Next: 59%
Magic:  4/5        EV: 13    Int: 12    God:    Makhleb [**....]
Gold:   122        SH:  0    Dex: 13    Spells: 3/3 levels left

rFire   . .          .
                       - Unarmed
rCold   . . .        (no shield)
rNeg    . . .        (helmet currently unavailable)
rPois   .            (no amulet)
rElec   .            (no ring)
rCorr   .            (no ring)
SInv    .            (no ring)
Will    .....        (no ring)
Stlth   ++           (no ring)
HPRegen 0.24/turn    (no ring)
MPRegen 0.09/turn    (no ring)
                     (no ring)

%: no passive effects
@: beast-form
A: beast (slay +2), almost no armour, amphibious, 8 rings, camouflage 1,
gelatinous body 1, (nimble swimmer 1), tentacles
a: Begin Untransformation, Renounce Religion, Minor Destruction


You were on level 3 of the Dungeon.
You worshipped Makhleb.
Makhleb was pleased with you.
You were a hulking beast.
You visited 1 branch of the dungeon, and saw 3 of its levels.

You collected 122 gold pieces.

Inventory:

Hand Weapons
 d - a +0 sling
Talismans
 b - a beast talisman
 c - a flux talisman
Scrolls
 e - a scroll of poison {unknown}
 f - 2 scrolls of vulnerability {unknown}
 g - a scroll of amnesia {unknown}
 i - a scroll of revelation {unknown}
 j - a scroll of acquirement {unknown}
 k - a scroll of enchant armour {unknown}
 o - a scroll of identify {unknown}
Potions
 a - 2 potions of lignification
 h - 3 potions of curing {unknown}
 l - a potion of haste {unknown}
 m - a potion of berserk rage {unknown}
 n - a potion of might {unknown}


   Skills:
 + Level 2.0 Fighting
 - Level 2.0 Dodging
 + Level 3.5 Unarmed Combat
 + Level 1.4 Invocations
 * Level 3.9 Shapeshifting


You had 3 spell levels left.
You didn't know any spells.
Your spell library was empty.

Dungeon Overview and Level Annotations

Branches:
Dungeon (3/15)

Altars:
Makhleb


Innate Abilities, Weirdness & Mutations

You are a hulking beast.
Your limbs bulge with bestial killing power. (Slay +2)
You cannot wear most types of armour.
You are amphibious.
You can wear up to eight rings at the same time.
Your skin changes colour to match your surroundings (Stealth+).
Your rubbery body absorbs attacks. (AC +1, EV +1)
((You are camouflaged when in or above water. (Stealth+)))
You have tentacles for arms and can constrict up to eight enemies at once.


Message History

You bludgeon the gnoll! You grab the gnoll. You squeeze the gnoll.
You kill the gnoll!
Makhleb accepts your kill.
Your Fighting skill increases to level 2!
The gnoll barely misses you.
The endoplasm hits you but does no damage.
The gnoll hits you with a +0 halberd!
Things that are here:
a +0 whip of electrocution; a gnoll corpse You bludgeon the gnoll!
You grab the gnoll.
The gnoll is heavily wounded.
You constrict the gnoll. You tentacle-slap the gnoll.
You kill the gnoll!
Makhleb accepts your kill.
You feel better.
The gnoll hits you from afar with a +0 spear.
The endoplasm hits you.
You tentacle-slap the endoplasm.
The endoplasm is heavily wounded.
The gnoll closely misses you. The endoplasm freezes you.
You are frozen.
You are too injured to fight recklessly!
You are too injured to fight recklessly!
You are too injured to fight recklessly!
You are too injured to fight recklessly!
You are too injured to fight recklessly!
There are monsters nearby!
There are monsters nearby!
There are monsters nearby!
Unknown command.
You tentacle-slap the endoplasm.
You kill the endoplasm!
Makhleb accepts your kill.
The gnoll hits you from afar with a +0 spear!
* * * LOW HITPOINT WARNING * * *
The gnoll attacks as it pursues you!
The gnoll hits you from afar with a +0 spear!
You die...

#...# .# ###...# .#
. .B...# .##...
########.(####......
........#.....##
#######.#†###..##
#...##....# ##..#
#.#.###.#'#####.###
..#.# #.....# #.h†#
###.# ##....# ###)#
#.# #....# #.g....#
#.######### #......#
#.....#### #......#
####.....# #......#
#..##.#######....##
#..##....#.[ ....#
#........#.# ##...


You could see a gnoll.

Vanquished Creatures
  3 gnolls (D:3)
  An adder (D:2)
  3 worms
  A dart slug (D:3)
  4 bats
  5 endoplasms
  7 goblins
  2 hobgoblins
  6 kobolds
  A quokka (D:1)
  4 ball pythons
  3 frilled lizards
  2 rats (D:1)
42 creatures vanquished.

Notes
Turn   | Place    | Note
-------+----------+-------------------------------------------
     0 | D:1      | LeprechaunX the Octopode Shapeshifter began the quest for
                  | the Orb.
     0 | D:1      | Reached XP level 1. HP: 13/13 MP: 1/1
    62 | D:1      | Found a faded altar of an unknown god.
    70 | D:1      | Prayed at the altar of an unknown god.
    70 | D:1      | Became a worshipper of Makhleb the Destroyer
    70 | D:1      | Reached * piety under Makhleb
   135 | D:1      | Reached XP level 2. HP: 7/18 MP: 2/2
   715 | D:2      | Reached XP level 3. HP: 9/23 MP: 3/3
  1161 | D:2      | Reached skill level 1 in Invocations
  1397 | D:3      | Reached ** piety under Makhleb
  1461 | D:3      | Reached XP level 4. HP: 25/29 MP: 4/4
  1579 | D:3      | HP: 1/29 [gnoll/+0 spear (10)]
  1580 | D:3      | Mangled by a gnoll

Illustrated notes

Levels and vault maps discovered:
D:1:      tarquinn_simple_flora_water_c, layout_basic,
          chequers_ecumenical_altar_simple_redux
D:2:      layout_basic
D:3:      layout_basic, gammafunk_ghost_nasty_kobolds, uniq_robin

Skill      XL: |  1  2  3  4 |
---------------+-------------+-----
Invocations    | 1 |  1.4
Fighting       | 2 |  2.0
Dodging        | |  2.0
Unarmed Combat | |  3.5
Shapeshifting  | |  3.9

Action                     |  1- 3 |  4- 6 || total
---------------------------+-------+-------++-------
  Melee: Unarmed           |    59 |    10 ||    69
         Constrict         |    16 |     4 ||    20
         Tentacles         |    14 |     3 ||    17
         Punch             |       |     1 ||     1
   Stab: Sleeping          |     5 |     1 ||     6
 Armour: Skin              |    21 |     7 ||    28
  Dodge: Dodged            |    31 |     4 ||    35

Table legend: (Time is in decaauts)
 A = Elapsed time spent in this place.
 B = Non-inter-level travel time spent in this place.
 C = Inter-level travel time spent in this place.
 D = Time resting spent in this place.
 E = Time spent auto-exploring this place.
 F = Levels seen in this place.
 G = Mean time per level.
                   A        B        C        D        E       F      G
               +--------+--------+--------+--------+--------+-----+--------+
         Total |   1575 |   1539 |     36 |      0 |   1299 |   3 |  525.0 |
       Dungeon |   1575 |   1539 |     36 |      0 |   1299 |   3 |  525.0 |
               +--------+--------+--------+--------+--------+-----+--------+

Top non-repeatable levels by time:
     D:2: 770 daAuts
     D:1: 619 daAuts
     D:3: 185 daAuts
